Workbook
Name SETOP: [1]SETOP!$A$4:$D$2894

Sheet Orçamento
C2: PLANILHA ORÇAMENTÁRIA DE CUSTOS (COM DESONERAÇÃO /DESONERADO)
C5: OBRA: | F5: REFORMA UNICENTRO | I5: DATA:JULHO/2026
C6: LOCAL: | F6: AV. DÂMASO DRUMMOND, Nº 275 - BAIRRO VILA GUIMARÃES | I6: FORMA DE EXECUÇÃO | K6: BDI
C7: COORDENADAS GEOGRÁFICAS: | F7: 19°35'38.0"S / 46°55'42.3"W
C8: REGIÃO/MÊS DE REFERÊNCIA: | F8: SINAPI - JUNHO/2026 SEINFRA - ABRIL/2026 | I8: ( ) DIRETA | J8: ( X ) INDIRETA | K8: 0.2769 | N8: =K13+K18+K24+K47+K54+K85+K116+K132+K163+K181+K201+K211+K243 -> 574433.26
C9: PRAZO DE EXECUÇÃO (meses): | F9: 4 (QUATRO)
C10: ITEM | D10: CÓDIGO | E10: FONTE | F10: DESCRIÇÃO | G10: UN | H10: QTDE | I10: PREÇO UNITARIO | J10: PREÇO UNITARIO C/ BDI | K10: TOTAL | N10: 0.005
C11: 1 | F11: Serviços Preliminares
C12: 1.1 | D12: ED-50392 | E12: SEINFRA 04/2025 | F12: MOBILIZAÇÃO E DESMOBILIZAÇÃO DE OBRA EM CENTRO URBANO OU REGIÃO LIMÍTROFE COM VALOR ATÉ 1.000.000,00 | G12: % | H12: 0.005 | I12: =N12 -> 2251.0905 | J12: =ROUND(I12*(1+$K$8),3) -> 2874.417 | K12: =J12 -> 2874.417 | N12: =N8*N10/1.2759 -> 2251.0905
C13: 1.2 | D13: ED-28427 | E13: SEINFRA | F13: FORNECIMENTO E COLOCAÇÃO DE PLACA DE OBRA EM CHAPA GALVANIZADA #26, ESP. 0,45MM, DIMENSÃO (3X1,5)M, PLOTADA COM ADESIVO VINÍLICO, AFIXADA COM REBITES 4,8X40MM, EM ESTRUTURA METÁLICA DE METALON 20X20MM, ESP. 1,25MM, INCLUSIVE SUPORTE EM EUCALIPTO AUTOCLAVADO PINTADO COM TINTA PVA DUAS (2) DEMÃOS | G13: U | H13: 1 | I13: 1178.37 | J13: =ROUND(I13*(1+$K$8),3) -> 1504.661 | K13: =ROUND(J13*H13,3) -> 1504.661
C14: TOTAL DA ETAPA 1 | K14: =ROUND(SUM(K12:K13),4) -> 4379.078
C15: 2 | F15: Administração Local
C16: 2.1 | D16: 90777 | E16: SINAPI | F16: ENGENHEIRO CIVIL DE OBRA JUNIOR COM ENCARGOS COMPLEMENTARES - Obs. 2hrs/dia | G16: H | H16: =2*21*4 -> 168 | I16: 132.32 | J16: =ROUND(I16*(1+$K$8),3) -> 168.959 | K16: =ROUND(H16*J16,3) -> 28385.112
C17: 2.2 | D17: ED-21776 | E17: SEINFRA | F17: ENCARREGADO GERAL DE OBRAS COM ENCARGOS COMPLEMENTARES | G17: MÊS | H17: =4 -> 4 | I17: 9720.1 | J17: =ROUND(I17*(1+$K$8),3) -> 12411.596 | K17: =ROUND(H17*J17,3) -> 49646.384
C18: TOTAL DA ETAPA 2 | K18: =SUM(K16:K17) -> 78031.496
C19: 3 | F19: Demolições e Remoções
C20: 3.1 | D20: ED-48435 | E20: SEINFRA | F20: DEMOLIÇÃO MANUAL DE ALVENARIA DE TIJOLO CERÂMICO OU BLOCO DE CONCRETO, INCLUSIVE AFASTAMENTO E EMPILHAMENTO, EXCLUSIVE TRANSPORTE E RETIRADA DO MATERIAL DEMOLIDO | G20: M3 | H20: 14.41 | I20: 122.65 | J20: =ROUND(I20*(1+$K$8),3) -> 156.612 | K20: =ROUND(H20*J20,3) -> 2256.779
C21: 3.2 | D21: ED-48501 | E21: SEINFRA | F21: DEMOLIÇÃO MANUAL DE REBOCO OU EMBOÇO, COM ESPESSURA DE ATÉ 55MM, INCLUSIVE AFASTAMENTO E EMPILHAMENTO, EXCLUSIVE TRANSPORTE E RETIRADA DO MATERIAL DEMOLIDO - Obs. Paredes do piso inferior com estágio avançado de infiltrações | G21: M2 | H21: =5*2.7 -> 13.5 | I21: 11.57 | J21: =ROUND(I21*(1+$K$8),3) -> 14.774 | K21: =ROUND(H21*J21,3) -> 199.449
C22: 3.3 | D22: ED-51132 | E22: SEINFRA | F22: CARGA DE MATERIAL DE QUALQUER NATUREZA SOBRE CAMINHÃO - MECÂNICA | G22: M3 | H22: =4.1865*1.3 -> 5.44245 | I22: 3.45 | J22: =ROUND(I22*(1+$K$8),3) -> 4.405 | K22: =ROUND(H22*J22,3) -> 23.974
C23: 3.4 | D23: ED-29234 | E23: SEINFRA | F23: TRANSPORTE DE MATERIAL DE QUALQUER NATUREZA EM CAMINHÃO, DISTÂNCIA MAIOR QUE 20KM E MENOR OU IGUAL A 30KM, DENTRO DO PERÍMETRO URBANO, EXCLUSIVE CARGA, INCLUSIVE DESCARGA | G23: M3xKM | H23: =ROUND(H22*11.3*2,2) -> 123 | I23: 1.79 | J23: =ROUND(I23*(1+$K$8),3) -> 2.286 | K23: =ROUND(H23*J23,3) -> 281.178 | N23: =K23+K152 -> 335.585
C24: TOTAL DA ETAPA 3 | K24: =SUM(K20:K23) -> 2761.38
C25: 4 | F25: Estruturas
C26: 4.1 | F26: Sala do Gerador
C27: 4.1.1 | D27: ED-50703 | E27: SEINFRA | F27: LIMPEZA DE TERRENO, INCLUSIVE CAPINA, RASTELAMENTO COM AFASTAMENTO ATÉ VINTE (20) METROS E QUEIMA CONTROLADA | G27: M2 | H27: =H28 -> 11.56 | I27: 2.79 | J27: =I27*(1+$K$8) -> 3.562551 | K27: =ROUND(H27*J27,3) -> 41.183 | N27: =K27+K102 -> 53.295673
C28: 4.1.2 | D28: 97084 | E28: SINAPI | F28: COMPACTAÇÃO MECÂNICA DE SOLO PARA EXECUÇÃO DE RADIER, PISO DE CONCRETO OU LAJE SOBRE SOLO, COM COMPACTADOR DE SOLOS TIPO PLACA VIBRATÓRIA. AF_09/2021 | G28: M2 | H28: =3.4*3.4 -> 11.56 | I28: 0.77 | J28: =I28*(1+$K$8) -> 0.983213 | K28: =ROUND(H28*J28,3) -> 11.366
C29: 4.1.3 | D29: 100324 | E29: SINAPI | F29: LASTRO COM MATERIAL GRANULAR (PEDRA BRITADA N.1 E PEDRA BRITADA N.2), APLICADO EM PISOS OU LAJES SOBRE SOLO, ESPESSURA DE *10 CM*. AF_01/2024 | G29: M3 | H29: =H28*0.1 -> 1.156 | I29: 218.54 | J29: =I29*(1+$K$8) -> 279.05373 | K29: =ROUND(H29*J29,3) -> 322.586
C30: 4.1.4 | D30: 97087 | E30: SINAPI | F30: CAMADA SEPARADORA PARA EXECUÇÃO DE RADIER, PISO DE CONCRETO OU LAJE SOBRE SOLO, EM LONA PLÁSTICA. AF_09/2021 | G30: M2 | H30: =H28 -> 11.56 | I30: 3.35 | J30: =I30*(1+$K$8) -> 4.277615 | K30: =ROUND(H30*J30,3) -> 49.449
C31: 4.1.5 | D31: 97102 | E31: SINAPI | F31: EXECUÇÃO DE RADIER, ESPESSURA DE 15 CM, FCK = 30 MPA, COM USO DE FORMAS EM MADEIRA SERRADA. AF_09/2021 | G31: M2 | H31: =H28 -> 11.56 | I31: 232.62 | J31: =I31*(1+$K$8) -> 297.03248 | K31: =ROUND(H31*J31,3) -> 3433.695
C32: 4.1.6 | D32: 97092 | E32: SINAPI | F32: ARMAÇÃO PARA EXECUÇÃO DE RADIER, PISO DE CONCRETO OU LAJE SOBRE SOLO, COM USO DE TELA Q-196. AF_09/2021 - Obs. 3,1kg/m² | G32: KG | H32: =3.1*H28 -> 35.836 | I32: 13.54 | J32: =I32*(1+$K$8) -> 17.289226 | K32: =ROUND(H32*J32,3) -> 619.577
C33: 4.1.7 | D33: ED-50848 | E33: SEINFRA | F33: LAJE 10 CM MACIÇA DE CONCRETO 20 MPa, COM ARMAÇÃO, FÔRMA RESINADA, ESCORAMENTO E DESFORMA | G33: M2 | H33: =H28 -> 11.56 | I33: 240.24 | J33: =I33*(1+$K$8) -> 306.76246 | K33: =ROUND(H33*J33,3) -> 3546.174
C34: 4.1.8 | D34: ED-48201 | E34: SEINFRA | F34: ALVENARIA ESTRUTURAL COM BLOCO DE CONCRETO, ESP. 14CM , (FBK 4,5MPA), INCLUSIVE ARGAMASSA PARA ASSENTAMENTO | G34: M2 | H34: =3.4*4*(2.8+0.6)-H37*0.2-0.9*2.1 -> 30.75 | I34: 86.2 | J34: =I34*(1+$K$8) -> 110.06878 | K34: =ROUND(H34*J34,3) -> 3384.615
C35: 4.1.9 | D35: 33 | E35: SINAPI | F35: ACO CA-50, 8,0 MM, VERGALHAO. Obs. Armação vertical - Duas barras em toda extensão - 0,395kg/m | G35: KG | H35: =(10*2.8+8*0.6)*0.395 -> 12.956 | I35: 7.25 | J35: =I35*(1+$K$8) -> 9.257525 | K35: =ROUND(H35*J35,3) -> 119.94 | N35: =K35+K39+K43 -> 430.323
C36: 4.1.10 | D36: ED-29621 | E36: SEINFRA | F36: APLICAÇÃO DE GRAUTE COM ARGAMASSA DE CIMENTO, CAL HIDRATADA, AREIA E BRITA, TRAÇO (1:0,1:3:2), INCLUSIVE PREPARO MECANIZADO, TRANSPORTE E LANÇAMENTO. Obs. Considerando 0,008m³ por cada metro de altura do grauteamento vertical | G36: M3 | H36: =(10*2.8+6*0.6)*0.008 -> 0.2528 | I36: 788.61 | J36: =I36*(1+$K$8) -> 1006.9761 | K36: =ROUND(H36*J36,3) -> 254.564 | N36: =K36+K40+K44 -> 1522.266
C37: 4.1.11 | D37: ED-48391 | E37: SEINFRA | F37: CINTA DE AMARRAÇÃO DE ALVENARIA COM BLOCO DE CONCRETO ESTRUTURAL, CANALETA TIPO "U", ESP. 14CM, (FBK 4, 5MPA), INCLUSIVE ARGAMASSA PARA ASSENTAMENTO, EXCLUSIVE GRAUTE E ARMAÇÃO - Obs. Primeira fiada, a cada 4 fiadas e última fiada - Total de 5 fiadas | G37: M | H37: =(3.4*4)*5 -> 68 | I37: 21.41 | J37: =I37*(1+$K$8) -> 27.338429 | K37: =ROUND(H37*J37,3) -> 1859.013
C38: 4.1.12 | D38: 32 | E38: SINAPI | F38: ACO CA-50, 6,3 MM, VERGALHAO - Obs. Armações horizontais - Duas barras em toda extensão das cintas, engastadas nos cantos que serão grauteados - 0,245kg/m | G38: KG | H38: =0.245*(3.4*4*4)*2 -> 26.656 | I38: 7.21 | J38: =I38*(1+$K$8) -> 9.206449 | K38: =ROUND(H38*J38,3) -> 245.407
C39: 4.1.13 | D39: 33 | E39: SINAPI | F39: ACO CA-50, 8,0 MM, VERGALHAO. Obs. Armação cinta que apoia a laje - Duas barras em toda extensão das cintas, engastadas nos cantos que serão grauteados - 0,395kg/m | G39: KG | H39: =0.395*(3.4*4)*2 -> 10.744 | I39: 7.25 | J39: =I39*(1+$K$8) -> 9.257525 | K39: =ROUND(H39*J39,3) -> 99.463
C40: 4.1.14 | D40: ED-29621 | E40: SEINFRA | F40: APLICAÇÃO DE GRAUTE COM ARGAMASSA DE CIMENTO, CAL HIDRATADA, AREIA E BRITA, TRAÇO (1:0,1:3:2), INCLUSIVE PREPARO MECANIZADO, TRANSPORTE E LANÇAMENTO. Obs. Considerando 0,013m³ por m de cinta | G40: M3 | H40: =H37*0.013 -> 0.884 | I40: 788.61 | J40: =I40*(1+$K$8) -> 1006.9761 | K40: =ROUND(H40*J40,3) -> 890.167
C41: 4.2 | F41: Cintas em paredes novas de alvenaria, primeira e última fiada. Devem ser ancoradas em estruturas de concreto existentes
C42: 4.2.1 | D42: ED-48390 | E42: SEINFRA | F42: CINTA DE AMARRAÇÃO DE ALVENARIA COM BLOCO DE CONCRETO ESTRUTURAL, CANALETA TIPO "U", ESP. 9CM, (FBK 4, 5MPA), INCLUSIVE ARGAMASSA PARA ASSENTAMENTO, EXCLUSIVE GRAUTE E ARMAÇÃO | G42: M | H42: =14.42*2 -> 28.84 | I42: 18.77 | J42: =I42*(1+$K$8) -> 23.967413 | K42: =ROUND(H42*J42,3) -> 691.22
C43: 4.2.2 | D43: 33 | E43: SINAPI | F43: ACO CA-50, 8,0 MM, VERGALHAO. Obs. Duas barras em toda extensão das cintas - 0,395kg/m | G43: KG | H43: =0.395*H42*2 -> 22.7836 | I43: 7.25 | J43: =I43*(1+$K$8) -> 9.257525 | K43: =ROUND(H43*J43,3) -> 210.92
C44: 4.2.3 | D44: ED-29621 | E44: SEINFRA | F44: APLICAÇÃO DE GRAUTE COM ARGAMASSA DE CIMENTO, CAL HIDRATADA, AREIA E BRITA, TRAÇO (1:0,1:3:2), INCLUSIVE PREPARO MECANIZADO, TRANSPORTE E LANÇAMENTO - Obs. Considerando 0,013m³ por m de cinta | G44: M3 | H44: =0.013*H42 -> 0.37492 | I44: 788.61 | J44: =I44*(1+$K$8) -> 1006.9761 | K44: =ROUND(H44*J44,3) -> 377.535
C45: 4.2.4 | D45: ED-49655 | E45: SEINFRA | F45: ANCORAGEM DE BARRAS DE AÇO COM CHUMBADOR QUÍMICO À BASE DE RESINA POLIÉSTER, EXCLUSIVE FORNECIMENTO DE BARRA | G45: DM3 | H45: 2 | I45: 363.26 | J45: =I45*(1+$K$8) -> 463.84669 | K45: =ROUND(H45*J45,3) -> 927.693
C46: 4.2.5 | D46: ED-49664 | E46: SEINFRA | F46: FORNECIMENTO DE ESTRUTURA METÁLICA EM PERFIL LAMINADO , INCLUSIVE FABRICAÇÃO, TRANSPORTE, MONTAGEM E APLICAÇÃO DE FUNDO PREPARADOR ANTICORROSIVO EM SUPERFÍCIE METÁLICA, UMA (1) DEMÃO - Obs. 40kg por pilar | G46: KG | H46: 80 | I46: 28.45 | J46: =I46*(1+$K$8) -> 36.327805 | K46: =ROUND(H46*J46,3) -> 2906.224
C47: TOTAL DA ETAPA 4 | K47: =SUM(K26:K46) -> 19990.791
C48: 5 | F48: Arquitetura
C49: 5.1 | D49: ED-8004 | E49: SEINFRA | F49: COSTURA DE TRINCA COM GRAMPO, BARRA DE AÇO CA-60 Ø4,2MM, COMPRIMENTO TOTAL 40CM, ESPAÇAMENTO DE 15CM, INCLUSIVE CORTE, DOBRA E ARGAMASSA, TRAÇO 1:4 (CIMENTO E AREIA), COM PREPARO MECANIZADO | G49: M | H49: 40 | I49: 32.18 | J49: =ROUND(49*(1+$K$8),3) -> 62.568 | K49: =ROUND(H49*J49,3) -> 2502.72
C50: 5.2 | D50: ED-50760 | E50: SEINFRA | F50: REBOCO COM ARGAMASSA, TRAÇO 1:2:9 (CIMENTO, CAL E AREIA) , COM ADITIVO IMPERMEABILIZANTE, ESP. 20MM, APLICAÇÃO MANUAL, INCLUSIVE ARGAMASSA COM PREPARO MECANIZADO, EXCLUSIVE CHAPISCO - Obs. Paredes que tiveram o reboco demolido | G50: M2 | H50: =H21 -> 13.5 | I50: 57.97 | J50: =I50*(1+$K$8) -> 74.021893 | K50: =ROUND(H50*J50,3) -> 999.296
C51: 5.3 | D51: 98553 | E51: SINAPI | F51: IMPERMEABILIZAÇÃO DE SUPERFÍCIE COM MEMBRANA À BASE DE POLIURETANO, 2 DEMÃOS. AF_09/2023 - Paredes que tiveram o reboco demolido | G51: M2 | H51: =H50 -> 13.5 | I51: 175.77 | J51: =I51*(1+$K$8) -> 224.44071 | K51: =ROUND(H51*J51,3) -> 3029.95 | N51: =K51+K198 -> 11558.697
C52: 5.4 | D52: ED-50730 | E52: SEINFRA | F52: CHAPISCO COM ARGAMASSA, TRAÇO 1:2:3 (CIMENTO, AREIA E PEDRISCO), APLICADO COM COLHER, ESP. 5MM, PREPARO MECÂNICO | G52: M2 | H52: 244.25 | I52: 16.25 | J52: =I52*(1+$K$8) -> 20.749625 | K52: =ROUND(H52*J52,3) -> 5068.096
C53: 5.5 | D53: ED-50759 | E53: SEINFRA | F53: REBOCO COM ARGAMASSA, TRAÇO 1:7 (CIMENTO E AREIA), ESP. 20MM, APLICAÇÃO MANUAL, INCLUSIVE ARGAMASSA COM PREPARO MECANIZADO, EXCLUSIVE CHAPISCO | G53: M2 | H53: =H52 -> 244.25 | I53: 36.98 | J53: =I53*(1+$K$8) -> 47.219762 | K53: =ROUND(H53*J53,3) -> 11533.427
C54: TOTAL DA ETAPA 5 | K54: =ROUND(SUM(K49:K53),4) -> 23133.489
C55: 6 | F55: Cobertura
C56: 6.1 | F56: Reforma telhado existente
C57: 6.1.1 | D57: ED-48509 | E57: SEINFRA | F57: REMOÇÃO MANUAL DE TELHA METÁLICA OU PVC, COM REAPROVEITAMENTO, INCLUSIVE AFASTAMENTO E EMPILHAMENTO, EXCLUSIVE TRANSPORTE E RETIRADA DO MATERIAL REMOVIDO NÃO REAPROVEITÁVEL - Obs. Retirada de telhas necessárias para instalação de calhas e rufos novos - Considerado 25% da área do telhado | G57: M2 | H57: =280*0.25 -> 70 | I57: 10.31 | J57: =ROUND(I57*(1+$K$8),3) -> 13.165 | K57: =ROUND(H57*J57,3) -> 921.55
C58: 6.1.2 | D58: ED-48428 | E58: SEINFRA | F58: COBERTURA EM TELHA METÁLICA GALVANIZADA TRAPEZOIDAL, TIPO SIMPLES, ESP. 0,50MM, ACABAMENTO NATURAL, INCLUSIVE ACESSÓRIOS PARA FIXAÇÃO, FORNECIMENTO E INSTALAÇÃO - Obs. Substituição de telhas deterioradas | G58: M2 | H58: 30 | I58: 98.51 | J58: =ROUND(I58*(1+$K$8),3) -> 125.787 | K58: =ROUND(H58*J58,3) -> 3773.61 | N58: =K58+K69+K77 -> 9245.345
C59: 6.1.3 | D59: 142 | E59: SINAPI | F59: SELANTE ELASTICO MONOCOMPONENTE A BASE DE POLIURETANO (PU) PARA JUNTAS DIVERSAS - Obs. Para parafusos, fissuras, junta de telhas | G59: 310ML | H59: 20 | I59: 31.84 | J59: =ROUND(I59*(1+$K$8),3) -> 40.656 | K59: =ROUND(H59*J59,3) -> 813.12 | N59: =K59+K179 -> 853.776
C60: 6.1.4 | D60: 39701 | E60: SINAPI | F60: FITA ADESIVA ASFALTICA ALUMINIZADA MULTIUSO, L = 10 CM, ROLO DE 10 M - Vedação de calhas e rufos com parede e reforço em áreas críticas | G60: U | H60: 30 | I60: 87 | J60: =ROUND(I60*(1+$K$8),3) -> 111.09 | K60: =ROUND(H60*J60,3) -> 3332.7
C61: 6.1.5 | D61: 38124 | E61: SINAPI | F61: ESPUMA EXPANSIVA DE POLIURETANO, APLICACAO MANUAL - 500 ML - Preenchimento de vazios | G61: U | H61: 2 | I61: 26 | J61: =ROUND(I61*(1+$K$8),3) -> 33.199 | K61: =ROUND(H61*J61,3) -> 66.398
C62: 6.1.6 | D62: ED-50386 | E62: SEINFRA | F62: TELHADISTA COM ENCARGOS COMPLEMENTARES - Fixação das telhas removidas para serviço de calha e rufo e serviços de vedação | G62: H | H62: 24 | I62: 30.67 | J62: =ROUND(I62*(1+$K$8),3) -> 39.163 | K62: =ROUND(H62*J62,3) -> 939.912
C63: 6.1.7 | D63: ED-50364 | E63: SEINFRA | F63: AJUDANTE DE TELHADISTA COM ENCARGOS COMPLEMENTARES - Fixação das telhas removidas para serviço de calha e rufo e serviços de vedação | G63: H | H63: 24 | I63: 25.54 | J63: =ROUND(I63*(1+$K$8),3) -> 32.612 | K63: =ROUND(H63*J63,3) -> 782.688
C64: 6.1.8 | D64: ED-48438 | E64: SEINFRA | F64: REMOÇÃO DE CALHA EM CHAPA GALVANIZADA OU EM PVC, COM REAPROVEITAMENTO, INCLUSIVE AFASTAMENTO E EMPILHAMENTO, EXCLUSIVE TRANSPORTE E RETIRADA DO MATERIAL REMOVIDO NÃO REAPROVEITÁVEL | G64: M | H64: 27 | I64: 5.39 | J64: =ROUND(I64*(1+$K$8),3) -> 6.882 | K64: =ROUND(H64*J64,3) -> 185.814
C65: 6.1.9 | D65: ED-50658 | E65: SEINFRA | F65: CALHA EM CHAPA GALVANIZADA, ESP. 0,65MM (GSG-24), COM DESENVOLVIMENTO DE 66CM, INCLUSIVE IÇAMENTO MANUAL VERTICAL | G65: M | H65: 27 | I65: 74.44 | J65: =ROUND(I65*(1+$K$8),3) -> 95.052 | K65: =ROUND(H65*J65,3) -> 2566.404
C66: 6.1.10 | D66: ED-50679 | E66: SEINFRA | F66: RUFO E CONTRARRUFO EM CHAPA GALVANIZADA, ESP. 0,65MM ( GSG-24), COM DESENVOLVIMENTO DE 50CM, INCLUSIVE IÇAMENTO MANUAL VERTICAL | G66: M | H66: =27+3.65*2 -> 34.3 | I66: 67.84 | J66: =ROUND(I66*(1+$K$8),3) -> 86.625 | K66: =ROUND(H66*J66,3) -> 2971.238
C67: 6.1.11 | D67: ED-50668 | E67: SEINFRA | F67: CONDUTOR CIRCULAR DE ÁGUA PLUVIAL PARA TELHADO EM TUBO DE PVC, DIÂMETRO DE 100MM, INCLUSIVE CONEXÕES E SUPORTES - Acréscimo de pontos de queda | G67: M | H67: =5*10 -> 50 | I67: 100.25 | J67: =ROUND(I67*(1+$K$8),3) -> 128.009 | K67: =ROUND(H67*J67,3) -> 6400.45
C68: 6.2 | F68: Cobertura Ambulância
C69: 6.2.1 | D69: ED-48428 | E69: SEINFRA | F69: COBERTURA EM TELHA METÁLICA GALVANIZADA TRAPEZOIDAL, TIPO SIMPLES, ESP. 0,50MM, ACABAMENTO NATURAL, INCLUSIVE ACESSÓRIOS PARA FIXAÇÃO, FORNECIMENTO E INSTALAÇÃO | G69: M2 | H69: 34.5 | I69: 98.51 | J69: =ROUND(I69*(1+$K$8),3) -> 125.787 | K69: =ROUND(H69*J69,3) -> 4339.652
C70: 6.2.2 | D70: ED-20603 | E70: SEINFRA | F70: FORNECIMENTO DE ESTRUTURA METÁLICA E ENGRADAMENTO METÁLICO, EM AÇO, PARA TELHADO, EXCLUSIVE TELHA, INCLUSIVE FABRICAÇÃO, TRANSPORTE, MONTAGEM E APLICAÇÃO DE FUNDO PREPARADOR ANTICORROSIVO EM SUPERFÍCIE METÁLICA, UMA (1) DEMÃO - Obs. Considerando 15 kg por m² e contempla pilares e vigas além de todo o engradamento | G70: KG | H70: =15*H69 -> 517.5 | I70: 25.44 | J70: =ROUND(I70*(1+$K$8),3) -> 32.484 | K70: =ROUND(H70*J70,3) -> 16810.47
C71: 6.2.3 | D71: ED-50677 | E71: SEINFRA | F71: RUFO E CONTRARRUFO EM CHAPA GALVANIZADA, ESP. 0,65MM (GSG-24), COM DESENVOLVIMENTO DE 25CM, INCLUSIVE IÇAMENTO MANUAL VERTICAL | G71: M | H71: 7.7 | I71: 39.66 | J71: =ROUND(I71*(1+$K$8),3) -> 50.642 | K71: =ROUND(H71*J71,3) -> 389.943
C72: 6.2.4 | D72: ED-50679 | E72: SEINFRA | F72: RUFO E CONTRARRUFO EM CHAPA GALVANIZADA, ESP. 0,65MM ( GSG-24), COM DESENVOLVIMENTO DE 50CM, INCLUSIVE IÇAMENTO MANUAL VERTICAL | G72: M | H72: 3 | I72: 67.84 | J72: =ROUND(I72*(1+$K$8),3) -> 86.625 | K72: =ROUND(H72*J72,3) -> 259.875
C73: 6.2.5 | D73: ED-50661 | E73: SEINFRA | F73: CALHA EM CHAPA GALVANIZADA, ESP. 0,5MM (GSG-26), COM DESENVOLVIMENTO DE 33CM, INCLUSIVE IÇAMENTO MANUAL VERTICAL | G73: M | H73: =4.7+4.1 -> 8.8 | I73: 36.7 | J73: =ROUND(I73*(1+$K$8),3) -> 46.862 | K73: =ROUND(H73*J73,3) -> 412.386 | N73: =K73+K78 -> 552.972
C74: 6.2.6 | D74: ED-28551 | E74: SEINFRA | F74: CONDUTOR DE ÁGUAS PLUVIAIS RETANGULAR EM AÇO GALVANIZADO, DIMENSÃO (43X85)MM, ESP. 0,43MM (GSG-28), INCLUSIVE CONEXÕES E SUPORTES | G74: M | H74: 3.5 | I74: 64.97 | J74: =ROUND(I74*(1+$K$8),3) -> 82.96 | K74: =ROUND(H74*J74,3) -> 290.36
C75: 6.3 | F75: Cobertura Gerador
C76: 6.3.1 | D76: ED-20603 | E76: SEINFRA | F76: FORNECIMENTO DE ESTRUTURA METÁLICA E ENGRADAMENTO METÁLICO, EM AÇO, PARA TELHADO, EXCLUSIVE TELHA, INCLUSIVE FABRICAÇÃO, TRANSPORTE, MONTAGEM E APLICAÇÃO DE FUNDO PREPARADOR ANTICORROSIVO EM SUPERFÍCIE METÁLICA, UMA (1) DEMÃO. Obs.18kg/m² | G76: KG | H76: =H77*18 -> 162 | I76: 25.44 | J76: =ROUND(I76*(1+$K$8),3) -> 32.484 | K76: =ROUND(H76*J76,3) -> 5262.408
C77: 6.3.2 | D77: ED-48428 | E77: SEINFRA | F77: COBERTURA EM TELHA METÁLICA GALVANIZADA TRAPEZOIDAL, TIPO SIMPLES, ESP. 0,50MM, ACABAMENTO NATURAL, INCLUSIVE ACESSÓRIOS PARA FIXAÇÃO, FORNECIMENTO E INSTALAÇÃO | G77: M2 | H77: 9 | I77: 98.51 | J77: =ROUND(I77*(1+$K$8),3) -> 125.787 | K77: =ROUND(H77*J77,3) -> 1132.083
C78: 6.3.3 | D78: ED-50661 | E78: SEINFRA | F78: CALHA EM CHAPA GALVANIZADA, ESP. 0,5MM (GSG-26), COM DESENVOLVIMENTO DE 33CM, INCLUSIVE IÇAMENTO MANUAL VERTICAL | G78: M | H78: 3 | I78: 36.7 | J78: =ROUND(I78*(1+$K$8),3) -> 46.862 | K78: =ROUND(H78*J78,3) -> 140.586
C79: 6.3.4 | D79: ED-50684 | E79: SEINFRA | F79: RUFO E CONTRARRUFO EM CHAPA GALVANIZADA, ESP. 0,5MM ( GSG-26), COM DESENVOLVIMENTO DE 25CM, INCLUSIVE IÇAMENTO MANUAL VERTICAL | G79: M | H79: 21 | I79: 33.9 | J79: =ROUND(I79*(1+$K$8),3) -> 43.287 | K79: =ROUND(H79*J79,3) -> 909.027
C80: 6.3.5 | D80: ED-50669 | E80: SEINFRA | F80: CONDUTOR CIRCULAR DE ÁGUA PLUVIAL PARA DO TELHADO EM TUBO DE PVC, DIÂMETRO DE 75MM, INCLUSIVE CONEXÕES E SUPORTES | G80: M | H80: 2.8 | I80: 105.94 | J80: =ROUND(I80*(1+$K$8),3) -> 135.275 | K80: =ROUND(H80*J80,3) -> 378.77
C81: 6.4 | F81: Cobertura Escada externa - 510x100cm
C82: 6.4.1 | D82: COTAÇÃO06 | E82: COTAÇÃO | F82: TOLDO EM POLICARBONATO | G82: M2 | H82: 5.1 | I82: 493.82 | J82: =ROUND(I82*(1+$K$8),3) -> 630.559 | K82: =ROUND(H82*J82,3) -> 3215.851
C83: 6.4.2 | D83: ED-7830 | E83: SEINFRA | F83: SERRALHEIRO COM ENCARGOS COMPLEMENTARES - Obs. 0,6h/m² | G83: M2 | H83: =0.6*H82 -> 3.06 | I83: 31.46 | J83: =ROUND(I83*(1+$K$8),3) -> 40.171 | K83: =ROUND(H83*J83,3) -> 122.923
C84: 6.4.3 | D84: ED-50367 | E84: SEINFRA | F84: SERVENTE COM ENCARGOS COMPLEMENTARES | G84: M2 | H84: =H83 -> 3.06 | I84: 23.59 | J84: =ROUND(I84*(1+$K$8),3) -> 30.122 | K84: =ROUND(H84*J84,3) -> 92.173
C85: TOTAL DA ETAPA 6 | K85: =ROUND(SUM(K56:K84),3) -> 56510.391
C86: 7 | F86: Piso e Revestimento em parede
C87: 7.1 | D87: 90934 | E87: SINAPI | F87: CONTRAPISO ACÚSTICO EM ARGAMASSA PRONTA, PREPARO MANUAL, APLICADO EM ÁREAS SECAS, ACABAMENTO NÃO REFORÇADO, ESPESSURA 5CM. AF_07/2021 - Obs. Sala de Gerador | G87: M2 | H87: 9 | I87: 160.69 | J87: =I87*(1+$K$8) -> 205.18506 | K87: =H87*J87 -> 1846.6655
C88: 7.2 | D88: ED-48229 | E88: SEINFRA | F88: ALVENARIA DE VEDAÇÃO COM TIJOLO MACIÇO REQUEIMADO, ESP. 10CM, COM ACABAMENTO APARENTE, INCLUSIVE ARGAMASSA PARA ASSENTAMENTO - Obs. Área de vãos de paredes externas que foram fechados | G88: M2 | H88: =(1+2)*2.1 -> 6.3 | I88: 168.04 | J88: =I88*(1+$K$8) -> 214.57028 | K88: =H88*J88 -> 1351.7927
C89: 7.3 | F89: Acesso ambulância, rampas
C90: 7.3.1 | D90: ED-48472 | E90: SEINFRA | F90: REMOÇÃO MANUAL DE GUIA DE MEIO-FIO PRÉ-MOLDADA EM CONCRETO, COM REAPROVEITAMENTO, INCLUSIVE AFASTAMENTO E EMPILHAMENTO, EXCLUSIVE TRANSPORTE E RETIRADA DO MATERIAL REMOVIDO NÃO REAPROVEITÁVEL | G90: M | H90: 16.7 | I90: 13.08 | J90: =I90*(1+$K$8) -> 16.701852 | K90: =H90*J90 -> 278.92093
C91: 7.3.2 | D91: ED-48479 | E91: SEINFRA | F91: DEMOLIÇÃO MANUAL DE PISO CIMENTADO OU CONTRAPISO DE ARGAMASSA, COM ESPESSURA MÁXIMA DE 10CM, INCLUSIVE AFASTAMENTO E EMPILHAMENTO, EXCLUSIVE TRANSPORTE E RETIRADA DO MATERIAL DEMOLIDO - Calçada e piso cimentado para fazer rampa | G91: M2 | H91: 40.7 | I91: 20.66 | J91: =I91*(1+$K$8) -> 26.380754 | K91: =H91*J91 -> 1073.6967 | N91: =K91+K101+K136 -> 1527.4472
C92: 7.3.3 | D92: ED-50699 | E92: SEINFRA | F92: CORTE DE ÁRVORE COM MOTOSSERRA, DIÂMETRO DO TRONCO ACIMA DE TRINTA (30) CENTÍMETROS ATÉ CINQUENTA (50) CENTÍMETROS, EXCLUSIVE DESTOCAMENTO E AFASTAMENTO | G92: U | H92: 2 | I92: 108.54 | J92: =I92*(1+$K$8) -> 138.59473 | K92: =H92*J92 -> 277.18945
C93: 7.3.4 | D93: ED-51105 | E93: SEINFRA | F93: ESCAVAÇÃO MECÂNICA EM MATERIAL DE 1ª CATEGORIA, INCLUSIVE CARGA EM CAMINHÃO, EXCLUSIVE TRANSPORTE E DESCARGA | G93: M3 | H93: =39.32*0.5 -> 19.66 | I93: 7.96 | J93: =I93*(1+$K$8) -> 10.164124 | K93: =H93*J93 -> 199.82668
C94: 7.3.5 | D94: ED-29230 | E94: SEINFRA | F94: TRANSPORTE DE MATERIAL DE QUALQUER NATUREZA EM CAMINHÃO, DISTÂNCIA MAIOR QUE 1KM E MENOR OU IGUAL A 2KM, DENTRO DO PERÍMETRO URBANO, EXCLUSIVE CARGA, INCLUSIVE DESCARGA | G94: M3xKM | H94: =H93*1.3*2 -> 51.116 | I94: 4.15 | J94: =I94*(1+$K$8) -> 5.299135 | K94: =H94*J94 -> 270.87058
C95: 7.3.6 | D95: ED-51123 | E95: SEINFRA | F95: REGULARIZAÇÃO MANUAL E COMPACTAÇÃO MECANIZADA DE TERRENO COM PLACA VIBRATÓRIA, EXCLUSIVE DESMATAMENTO, DESTOCAMENTO, LIMPEZA/ROÇADA DO | G95: M2 | H95: 79.2 | I95: 6.02 | J95: =I95*(1+$K$8) -> 7.686938 | K95: =H95*J95 -> 608.80549
C96: 7.3.7 | D96: ED-51144 | E96: SEINFRA | F96: PASSEIOS DE CONCRETO E = 8 CM, FCK = 15 MPA PADRÃO PREFEITURA - Calçada e rampas | G96: M2 | H96: =16.7*2+7.3 -> 40.7 | I96: 85.64 | J96: =I96*(1+$K$8) -> 109.35372 | K96: =H96*J96 -> 4450.6962
C97: 7.3.8 | D97: ED-51139 | E97: SEINFRA | F97: GUIA DE MEIO-FIO, EM CONCRETO COM FCK 20MPA, PRÉMOLDADA, MFC-01 PADRÃO DER-MG, DIMENSÕES (12X16,7X35)CM , EXCLUSIVE SARJETA, INCLUSIVE ESCAVAÇÃO, APILOAMENTO E TRANSPORTE COM RETIRADA DO MATERIAL ESCAVADO (EM CAÇAMBA) | G97: M | H97: 17.6 | I97: 79.15 | J97: =I97*(1+$K$8) -> 101.06664 | K97: =H97*J97 -> 1778.7728
C98: 7.3.9 | D98: ED-8916 | E98: SEINFRA | F98: EXECUÇÃO DE PAVIMENTO COM PISO INTERTRAVADO, TIPO RETANGULAR, ESP. 8CM, COM FCK DE 35MPA, INCLUSIVE COLCHÃO DE AREIA, ESP. 6CM, PARA ASSENTAMENTO, COMPACTAÇÃO MECANIZADA, CARGA E DESCARGA MECÂNICA EM CAMINHÃO, EXCLUSIVE TRANSPORTE DE PISO INTERTRAVADO | G98: M2 | H98: =H95-H96 -> 38.5 | I98: 112.5 | J98: =I98*(1+$K$8) -> 143.65125 | K98: =H98*J98 -> 5530.5731
C99: 7.3.10 | D99: ED-7425 | E99: SEINFRA | F99: TRANSPORTE DE PISO INTERTRAVADO, EM CAMINHÃO, TRAÇÃO 6X2, TIPO TRUCADO, PESO BRUTO TOTAL (PBT) DE 23.000KG, COM GUINDASTE ARTICULADO, MOMENTO DE CARGA MÁXIMO DE 10TXM, E CARROCERIA DE CARGA SECA, COM CAPACIDADE DE 14T, EM RODOVIA PAVIMENTADA, EXCLUSIVE MANOBRA, CARGA E DESCARGA - Obs. Considerando 180kg/m² | G99: TxKM | H99: =(H98*180)/100*10 -> 693 | I99: 0.98 | J99: =I99*(1+$K$8) -> 1.251362 | K99: =H99*J99 -> 867.19387
C100: 7.4 | F100: Demolição e novo piso cimentado na lateral direita da edificação do piso superior, fazendo ligação com a Sala do Gerador
C101: 7.4.1 | D101: ED-48479 | E101: SEINFRA | F101: DEMOLIÇÃO MANUAL DE PISO CIMENTADO OU CONTRAPISO DE ARGAMASSA, COM ESPESSURA MÁXIMA DE 10CM, INCLUSIVE AFASTAMENTO E EMPILHAMENTO, EXCLUSIVE TRANSPORTE E RETIRADA DO MATERIAL DEMOLIDO | G101: M2 | H101: 10 | I101: 20.66 | J101: =I101*(1+$K$8) -> 26.380754 | K101: =H101*J101 -> 263.80754
C102: 7.4.2 | D102: ED-50703 | E102: SEINFRA | F102: LIMPEZA DE TERRENO, INCLUSIVE CAPINA, RASTELAMENTO COM AFASTAMENTO ATÉ VINTE (20) METROS E QUEIMA CONTROLADA - Ligação do piso lateral até a Sala do Gerador | G102: M2 | H102: 3.4 | I102: 2.79 | J102: =I102*(1+$K$8) -> 3.562551 | K102: =H102*J102 -> 12.112673
C103: 7.4.3 | D103: ED-51123 | E103: SEINFRA | F103: REGULARIZAÇÃO MANUAL E COMPACTAÇÃO MECANIZADA DE TERRENO COM PLACA VIBRATÓRIA, EXCLUSIVE DESMATAMENTO, DESTOCAMENTO, LIMPEZA/ROÇADA DO | G103: M2 | H103: =H101+H102 -> 13.4 | I103: 6.02 | J103: =I103*(1+$K$8) -> 7.686938 | K103: =H103*J103 -> 103.00497
...

Sheet BDI

Sheet Cronograma
B5: CRONOGRAMA FISICO-FINANCEIRO
B7: Projeto: REFORMA E AMPLIAÇÃO DA UNICENTRO
B8: Local: Av Dâmaso Dummond, nº275 - Bairro Vila Guimarães
B9: ITEM | C9: SERVIÇO | D9: FÍSICO/ FINANCEIRO | E9: TOTAL ETAPAS | F9: MÊS 1 | G9: MÊS 2 | H9: MÊS 3 | I9: MÊS 4 | J9: TOTAL ETAPAS
B11: 1 | C11: =Orçamento!F11 -> Serviços Preliminares | D11: Físico % | E11: =E12/E38 -> 0.0075853451 | F11: 0.5 | I11: 0.5 | J11: =SUM(F11:I11) -> 1
D12: Financeiro | E12: =Orçamento!K14 -> 4379.078 | F12: =E12*F11 -> 2189.539 | I12: =I11*E12 -> 2189.539 | J12: =ROUND(SUM(F12:I12),2) -> 4379.08
B13: 2 | C13: =Orçamento!F15 -> Administração Local | D13: Físico % | E13: =E14/$E$38 -> 0.13516449 | F13: 0.25 | G13: 0.25 | H13: 0.25 | I13: 0.25 | J13: =SUM(F13:I13) -> 1
D14: Financeiro | E14: =Orçamento!K18 -> 78031.496 | F14: =F13*E14 -> 19507.874 | G14: =G13*E14 -> 19507.874 | H14: =G14 -> 19507.874 | I14: =I13*E14 -> 19507.874 | J14: =ROUND(SUM(F14:I14),2) -> 78031.5
B15: 3 | C15: =Orçamento!F19 -> Demolições e Remoções | D15: Físico % | E15: =E16/$E$38 -> 0.0047832033 | F15: 0.6 | G15: 0.4 | J15: =SUM(F15:I15) -> 1
D16: Financeiro | E16: =Orçamento!K24 -> 2761.38 | F16: =F15*E16 -> 1656.828 | G16: =G15*E16 -> 1104.552 | J16: =ROUND(SUM(F16:I16),2) -> 2761.38
B17: 4 | C17: =Orçamento!F25 -> Estruturas | D17: Físico % | E17: =E18/$E$38 -> 0.03462762 | F17: 0.25 | G17: 0.25 | H17: 0.25 | I17: 0.25 | J17: =SUM(F17:I17) -> 1
D18: Financeiro | E18: =Orçamento!K47 -> 19990.791 | F18: =F17*E18 -> 4997.6977 | G18: =G17*E18 -> 4997.6977 | H18: =H17*E18 -> 4997.6977 | I18: =I17*E18 -> 4997.6977 | J18: =ROUND(SUM(F18:I18),2) -> 19990.79
B19: 5 | C19: =Orçamento!F48 -> Arquitetura | D19: Físico % | E19: =E20/$E$38 -> 0.040071334 | G19: 0.4 | H19: 0.6 | J19: =SUM(F19:I19) -> 1
D20: Financeiro | E20: =Orçamento!K54 -> 23133.489 | G20: =G19*E20 -> 9253.3956 | H20: =H19*E20 -> 13880.093 | J20: =ROUND(SUM(F20:I20),2) -> 23133.49
B21: 6 | C21: =Orçamento!F55 -> Cobertura | D21: Físico % | E21: =E22/$E$38 -> 0.097886089 | G21: 0.5 | H21: 0.25 | I21: 0.25 | J21: =SUM(F21:I21) -> 1
D22: Financeiro | E22: =Orçamento!K85 -> 56510.391 | G22: =G21*E22 -> 28255.196 | H22: =H21*E22 -> 14127.598 | I22: =I21*E22 -> 14127.598 | J22: =ROUND(SUM(F22:I22),2) -> 56510.39
B23: 7 | C23: =Orçamento!F86 -> Piso e Revestimento em parede | D23: Físico % | E23: =E24/$E$38 -> 0.088641132 | H23: 0.5 | I23: 0.5 | J23: =SUM(F23:I23) -> 1
D24: Financeiro | E24: =Orçamento!K116 -> 51173.207 | H24: =H23*E24 -> 25586.603 | I24: =I23*E24 -> 25586.603 | J24: =ROUND(SUM(F24:I24),2) -> 51173.21
B25: 8 | C25: =Orçamento!F117 -> Instalação elétrica | D25: Físico % | E25: =E26/$E$38 -> 0.056596843 | H25: 0.5 | I25: 0.5 | J25: =SUM(F25:I25) -> 1
D26: Financeiro | E26: =Orçamento!K132 -> 32673.792 | H26: =H25*E26 -> 16336.896 | I26: =I25*E26 -> 16336.896 | J26: =ROUND(SUM(F26:I26),2) -> 32673.79
B27: 9 | C27: =Orçamento!F133 -> Instalações Hidráulicas | D27: Físico % | E27: =E28/$E$38 -> 0.058743286 | H27: 0.5 | I27: 0.5 | J27: =SUM(F27:I27) -> 1
D28: Financeiro | E28: =Orçamento!K163 -> 33912.95 | H28: =H27*E28 -> 16956.475 | I28: =I27*E28 -> 16956.475 | J28: =ROUND(SUM(F28:I28),2) -> 33912.95
B29: 10 | C29: =Orçamento!F164 -> Esquadrias | D29: Físico % | E29: =E30/$E$38 -> 0.035582967 | H29: 0.5 | I29: 0.5 | J29: =SUM(F29:I29) -> 1
D30: Financeiro | E30: =Orçamento!K181 -> 20542.32 | H30: =H29*E30 -> 10271.16 | I30: =I29*E30 -> 10271.16 | J30: =ROUND(SUM(F30:I30),2) -> 20542.32
B31: 11 | C31: =Orçamento!F182 -> Pintura | D31: Físico % | E31: =E32/$E$38 -> 0.33311323 | H31: 0.5 | I31: 0.5 | J31: =SUM(F31:I31) -> 1
D32: Financeiro | E32: =Orçamento!K201 -> 192308.83 | H32: =H31*E32 -> 96154.414 | I32: =I31*E32 -> 96154.414 | J32: =ROUND(SUM(F32:I32),2) -> 192308.83
B33: 12 | C33: =Orçamento!F202 -> PCIP | D33: Físico % | E33: =E34/$E$38 -> 0.017012081 | I33: 1 | J33: =SUM(F33:I33) -> 1
D34: Financeiro | E34: =Orçamento!K211 -> 9821.205 | I34: =I33*E34 -> 9821.205 | J34: =SUM(F34:I34) -> 9821.205
B35: 13 | C35: =Orçamento!F212 -> Diversos | D35: Físico % | E35: =E36/$E$38 -> 0.09019238 | H35: 0.5 | I35: 0.5 | J35: =SUM(F35:I35) -> 1
D36: Financeiro | E36: =Orçamento!K243 -> 52068.754 | H36: =H35*E36 -> 26034.377 | I36: =I35*E36 -> 26034.377 | J36: =SUM(F36:I36) -> 52068.754
B37: TOTAL | D37: Físico % | E37: =ROUND(SUM(E11,E13,E15,E17,E19,E21,E23,E25,E27,E29,E31,E33,E35),4) -> 1 | F37: =F38/E38 -> 0.049110621 | G37: =G38/E38 -> 0.10933289 | H37: =H38/E38 -> 0.42239727 | I37: =I38/E38 -> 0.41915922 | J37: =ROUND(SUM(F37:I37),4) -> 1
D38: Financeiro | E38: =ROUND(SUM(E12,E14,E16,E18,E20,E22,E24,E26,E28,E30,E32,E34,E36),4) -> 577307.68 | F38: =ROUND(SUM(F12,F14,F16,F18,F20,F22,F24,F26,F28,F30,F32,F34),4) -> 28351.939 | G38: =ROUND(SUM(G12,G14,G16,G18,G20,G22,G24,G26,G28,G30,G32,G34),4) -> 63118.715 | H38: =ROUND(SUM(H12,H14,H16,H18,H20,H22,H24,H26,H28,H30,H32,H34,H36),4) -> 243853.19 | I38: =ROUND(SUM(I12,I14,I16,I18,I20,I22,I24,I26,I28,I30,I32,I34,I36),4) -> 241983.84 | J38: =F38+G38+H38+I38 -> 577307.68

Sheet QUANTITATIVOS
B7: Medidas | H7: Paredes internas | J7: Teto | L7: Pintura externa
B8: Ambiente | C8: H(m) | D8: V(m) | E8: Perímetro (m) | F8: Área (m²) | H8: Pintura (m²) | J8: Pintura (m²) | N8: Perímetro (m) | O8: h(m) | P8: Área (m²)
B9: PAVIMENTO SUPERIOR | L9: Edificação | M9: Tijolinho a vista | N9: 102.2 | O9: 2.1 | P9: =N9*O9 -> 214.62
B10: ESCADA COBERTA | C10: 1.1 | D10: =3.6+1.5 -> 5.1 | E10: =2*(C10+D10) -> 12.4 | F10: =C10*D10 -> 5.61 | H10: =E10*2.3 -> 28.52 | J10: =F10 -> 5.61 | M10: Platibanda | N10: 102.2 | O10: 1.5 | P10: =N10*O10 -> 153.3 | Q10: =SUM(P10:P14) -> 588.964
B11: DEPÓSITO | C11: 1.75 | D11: 1.7 | E11: =2*(C11+D11) -> 6.9 | F11: =C11*D11 -> 2.975 | H11: =E11*3.4 -> 23.46 | J11: =F11 -> 2.975 | M11: Demais | P11: =102.2*1+8.9*4+(5.1+2.25+1.4+1.75)*4 -> 179.8
B12: DML | C12: 1.75 | D12: 1.35 | E12: =2*(C12+D12) -> 6.2 | F12: =C12*D12 -> 2.3625 | J12: =F12 -> 2.3625 | L12: Muro de divisa | M12: Lateral esquerda | N12: 26.8 | O12: 1.75 | P12: =N12*O12 -> 46.9
B13: ALMOXARIFADO | C13: 1.2 | D13: 3.2 | E13: =2*(C13+D13) -> 8.8 | F13: =C13*D13 -> 3.84 | H13: =E13*3.4 -> 29.92 | J13: =F13 -> 3.84 | M13: Fundo | N13: 35.4 | O13: 2 | P13: =N13*O13 -> 70.8
B14: CONSULTÓRIO | C14: 3.75 | D14: 3.2 | E14: =2*(C14+D14) -> 13.9 | F14: =C14*D14 -> 12 | H14: =E14*3.4 -> 47.26 | J14: =F14 -> 12 | M14: Lateral direita | N14: 53.14 | O14: 2.6 | P14: =N14*O14 -> 138.164
B15: I.S. FEMININO | C15: 2.3 | D15: 3.2 | E15: =2*(C15+D15) -> 11 | F15: =C15*D15 -> 7.36 | J15: =F15 -> 7.36
B16: I.S. MASCULINO | C16: 2.3 | D16: 3.2 | E16: =2*(C16+D16) -> 11 | F16: =C16*D16 -> 7.36 | J16: =F16 -> 7.36
B17: WS. MÉDICO 01 | C17: 1.5 | D17: 3.2 | E17: =2*(C17+D17) -> 9.4 | F17: =C17*D17 -> 4.8 | J17: =F17 -> 4.8 | L17: Portas | M17: Material | N17: Ambiente | O17: Medida | P17: Qtde | Q17: Área (m²)
B18: CONS. MÉDICO 01 | C18: 3.05 | D18: 3.2 | E18: =2*(C18+D18) -> 12.5 | F18: =C18*D18 -> 9.76 | H18: =E18*3.4 -> 42.5 | J18: =F18 -> 9.76 | M18: Alumínio | N18: Lixo | O18: Reaproveitamento porta Sala de Observação
B19: CIRCULAÇÃO 01 | C19: 15.25 | D19: 1.35 | E19: =2*(C19+D19) -> 33.2 | F19: =C19*D19 -> 20.5875 | H19: =E19*3.4 -> 112.88 | J19: =F19 -> 20.5875 | N19: Lavanderia | O19: 90x210 | P19: 1 | Q19: =0.9*2.1 -> 1.89 | R19: =SUM(Q19:Q22) -> 11.97
B20: SALA DE ESPERA/ RECEPÇÃO | C20: 2.95 | D20: 10.15 | E20: =2*(C20+D20) -> 26.2 | F20: =C20*D20 -> 29.9425 | H20: =E20*3.4 -> 89.08 | J20: =F20 -> 29.9425 | N20: Banho interno 1 e 2 | O20: 80x210 | P20: 2 | Q20: =0.8*2.1*2 -> 3.36
B21: SALA DE TRIAGEM NEONATAL | C21: 3.2 | D21: 3.2 | E21: =2*(C21+D21) -> 12.8 | F21: =C21*D21 -> 10.24 | H21: =E21*3.4 -> 43.52 | J21: =F21 -> 10.24 | O21: 60x160 | P21: 4 | Q21: =0.6*1.6*4 -> 3.84
B22: ALMOX. VACINA | C22: 1.53 | D22: 3.2 | E22: =2*(C22+D22) -> 9.46 | F22: =C22*D22 -> 4.896 | H22: =E22*3.4 -> 32.164 | J22: =F22 -> 4.896 | N22: Banho PNE masc e fem | O22: 90x160 | P22: 2 | Q22: =0.9*1.6*2 -> 2.88
B23: INALAÇÃO | C23: 1.53 | D23: 3.2 | E23: =2*(C23+D23) -> 9.46 | F23: =C23*D23 -> 4.896 | H23: =E23*3.4 -> 32.164 | J23: =F23 -> 4.896
B24: CURATIVO | C24: 3.2 | D24: 3.2 | E24: =2*(C24+D24) -> 12.8 | F24: =C24*D24 -> 10.24 | H24: 43.52 | J24: =F24 -> 10.24 | M24: Alumínio com vidro | N24: Recepção Vacina | O24: 200x210 | P24: 1 | Q24: =2.1*2 -> 4.2
B25: EXPURGO | C25: 1.5 | D25: 3.2 | E25: =2*(C25+D25) -> 9.4 | F25: =C25*D25 -> 4.8 | H25: 31.96 | J25: =F25 -> 4.8
B26: GUARDA MATERIAL | C26: 1.55 | D26: 3.2 | E26: =2*(C26+D26) -> 9.5 | F26: =C26*D26 -> 4.96 | H26: =E26*3.4 -> 32.3 | J26: =F26 -> 4.96 | M26: Madeira | N26: Arquivo 1 | O26: 70x210 abrir | P26: 1 | Q26: =0.7*2.1 -> 1.47
B27: CIRCULAÇÃO | C27: 13.5 | D27: 1.2 | E27: =2*(C27+D27) -> 29.4 | F27: =C27*D27 -> 16.2 | H27: =E27*3.4 -> 99.96 | J27: =F27 -> 16.2 | N27: Zoonoses | O27: 90x210 correr | P27: 1 | Q27: =0.9*2.1 -> 1.89
B28: VACINA | C28: 6.55 | D28: 5.2 | E28: =2*(C28+D28) -> 23.5 | F28: =C28*D28 -> 34.06 | H28: 79.9 | J28: =F28 -> 34.06 | N28: Sala dos Agentes/34/35 | O28: 90x210 abrir | P28: 3 | Q28: =0.9*2.1*3 -> 5.67
B29: OBSERVAÇÃO/PROCEDIMENTO | C29: 3.2 | D29: 5.2 | E29: =2*(C29+D29) -> 16.8 | F29: =C29*D29 -> 16.64 | H29: 57.12 | J29: =F29 -> 16.64 | N29: Arquivo 2 | O29: 80x210 correr | P29: 1 | Q29: =0.8*2.1 -> 1.68
B30: PRÉ CONSULTA | C30: 3.2 | D30: 5.2 | E30: =2*(C30+D30) -> 16.8 | F30: =C30*D30 -> 16.64 | H30: 57.12 | J30: =F30 -> 16.64 | N30: Recep/Vaci/Cura/Obs | O30: 100x210 abrir | P30: 4 | Q30: =2.1*4 -> 8.4
B31: CIRCULAÇÃO 02 | C31: 1.35 | D31: 3.5 | E31: =2*(C31+D31) -> 9.7 | F31: =C31*D31 -> 4.725 | H31: =E31*3.4 -> 32.98 | J31: =F31 -> 4.725
B32: ESPERA GERAL | C32: 4.7 | D32: 5.35 | E32: =2*(C32+D32) -> 20.1 | F32: =C32*D32 -> 25.145 | H32: =E32*3.4 -> 68.34 | J32: =F32 -> 25.145
B33: ACESSO FRALDÁRIO | C33: 3.5 | D33: 3.55 | E33: =2*(C33+D33) -> 14.1 | F33: =C33*D33 -> 12.425 | H33: 47.94 | J33: =F33 -> 12.425
B34: W.S. PNE MASCULINO | C34: 1.7 | D34: 1.7 | E34: =2*(C34+D34) -> 6.8 | F34: =C34*D34 -> 2.89 | J34: =F34 -> 2.89
B35: W. S. PNE FEMININO | C35: 1.7 | D35: 1.7 | E35: =2*(C35+D35) -> 6.8 | F35: =C35*D35 -> 2.89 | J35: =F35 -> 2.89
B36: DEPÓSITO | C36: 1.35 | D36: 1.85 | E36: =2*(C36+D36) -> 6.4 | F36: =C36*D36 -> 2.4975 | H36: =E36*3.4 -> 21.76 | J36: =F36 -> 2.4975
B37: COMPRESSOR | C37: 1.35 | D37: 3.3 | E37: =2*(C37+D37) -> 9.3 | F37: =C37*D37 -> 4.455 | H37: 31.62 | J37: =F37 -> 4.455
B38: ADMINISTRATIVO | C38: 1.8 | D38: 1.7 | E38: =2*(C38+D38) -> 7 | F38: =C38*D38 -> 3.06 | H38: =E38*3.4 -> 23.8 | J38: =F38 -> 3.06
B39: ADONTOLOGIA | C39: 9.9 | D39: 4.86 | E39: =2*(C39+D39) -> 29.52 | F39: =C39*D39 -> 48.114 | H39: =E39*3.4 -> 100.368 | J39: =F39 -> 48.114
B40: EXPURGO | C40: 1.7 | D40: 2.05 | E40: =2*(C40+D40) -> 7.5 | F40: =C40*D40 -> 3.485 | H40: =E40*3.4 -> 25.5 | J40: =F40 -> 3.485
B41: RX ADONTOLOGICO | C41: 1.35 | D41: 2.05 | E41: =2*(C41+D41) -> 6.8 | F41: =C41*D41 -> 2.7675 | H41: =E41*3.4 -> 23.12 | J41: =F41 -> 2.7675
B42: ESPERA ODONTOLOGIA | C42: 3.2 | D42: 1.77 | E42: =2*(C42+D42) -> 9.94 | F42: =C42*D42 -> 5.664 | H42: =E42*3.4 -> 33.796 | J42: =F42 -> 5.664
B43: CIRCULAÇÃO | C43: 9.9 | D43: 1.3 | E43: =2*(C43+D43) -> 22.4 | F43: =C43*D43 -> 12.87 | H43: =E43*3.4 -> 76.16 | J43: =F43 -> 12.87
B44: RECEPÇÃO/REGISTRO | C44: 3.55 | D44: 4.54 | E44: =2*(C44+D44) -> 16.18 | F44: =C44*D44 -> 16.117 | H44: =E44*3.4 -> 55.012 | J44: =F44 -> 16.117
B45: CIRCULAÇÃO | C45: 1.32 | D45: 3.31 | E45: =2*(C45+D45) -> 9.26 | F45: =C45*D45 -> 4.3692 | H45: =E45*3.4 -> 31.484 | J45: =F45 -> 4.3692
B46: COLETA DE EXAMES | C46: 3.08 | D46: 3.31 | E46: =2*(C46+D46) -> 12.78 | F46: =C46*D46 -> 10.1948 | H46: 43.452 | J46: =F46 -> 10.1948
B47: ARQUIVO | C47: 3.2 | D47: 1.5 | E47: =2*(C47+D47) -> 9.4 | F47: =C47*D47 -> 4.8 | H47: =E47*3.4 -> 31.96 | J47: =F47 -> 4.8
B48: CONS. DIFERENCIADO | C48: 3.2 | D48: 3.2 | E48: =2*(C48+D48) -> 12.8 | F48: =C48*D48 -> 10.24 | H48: =E48*3.4 -> 43.52 | J48: =F48 -> 10.24
B49: CONS. MÉDICO 03 | C49: 3.2 | D49: 4.7 | E49: =2*(C49+D49) -> 15.8 | F49: =C49*D49 -> 15.04 | H49: =E49*3.4 -> 53.72 | J49: =F49 -> 15.04
B50: W.S. MÉDICO 03 | C50: 2.3 | D50: 1.7 | E50: =2*(C50+D50) -> 8 | F50: =C50*D50 -> 3.91 | J50: =F50 -> 3.91
B51: CIRCULAÇÃO | C51: 10.18 | D51: 1.35 | E51: =2*(C51+D51) -> 23.06 | F51: =C51*D51 -> 13.743 | H51: =E51*3.4 -> 78.404 | J51: =F51 -> 13.743
B52: COORDENAÇÃO | C52: 5.05 | D52: 3.2 | E52: =2*(C52+D52) -> 16.5 | F52: =C52*D52 -> 16.16 | H52: =E52*3.4 -> 56.1 | J52: =F52 -> 16.16
B53: GERÊNCIA | C53: 3.2 | D53: 3.2 | E53: =2*(C53+D53) -> 12.8 | F53: =C53*D53 -> 10.24 | H53: =E53*3.4 -> 43.52 | J53: =F53 -> 10.24
B54: CONS. MÉDICO 02 | C54: 3.2 | D54: 3.2 | E54: =2*(C54+D54) -> 12.8 | F54: =C54*D54 -> 10.24 | H54: =E54*3.4 -> 43.52 | J54: =F54 -> 10.24
B55: CONS. GINECOLÓGICO | C55: 4.1 | D55: 3.2 | E55: =2*(C55+D55) -> 14.6 | F55: =C55*D55 -> 13.12 | H55: =E55*3.4 -> 49.64 | J55: =F55 -> 13.12
B56: W.S. CONS. GINECOLÓGICO | C56: 2.3 | D56: 1.35 | E56: =2*(C56+D56) -> 7.3 | F56: =C56*D56 -> 3.105 | J56: =F56 -> 3.105
B57: SALA DE ATIVIDADE COLETIVA | C57: 8.9 | D57: 3.95 | E57: =2*(C57+D57) -> 25.7 | F57: =C57*D57 -> 35.155 | H57: =E57*3.4 -> 87.38 | J57: =F57 -> 35.155
B58: PAVIMENTO INFERIOR
B59: ESCADA COBERTA | C59: 1 | D59: 1.35 | E59: =2*(C59+D59) -> 4.7 | F59: =C59*D59 -> 1.35 | H59: 8.46
B60: RESÍDUOS COMUNS | C60: 1 | D60: 1.75 | E60: =2*(C60+D60) -> 5.5 | F60: =C60*D60 -> 1.75 | H60: 9.9
B61: RESÍDUOS CONTAMINADOS | C61: 1 | D61: 1.7 | E61: =2*(C61+D61) -> 5.4 | F61: =C61*D61 -> 1.7 | H61: 9.72
B62: W.C. MASC. | C62: 1.8 | D62: 1.7 | E62: =2*(C62+D62) -> 7 | F62: =C62*D62 -> 3.06
B63: W.C. FEM. | C63: 1.8 | D63: 1.7 | E63: =2*(C63+D63) -> 7 | F63: =C63*D63 -> 3.06
B64: CIRCULAÇÃO | C64: 1.7 | D64: 1.35 | E64: =2*(C64+D64) -> 6.1 | F64: =C64*D64 -> 2.295 | H64: =E64*2.7 -> 16.47
B65: CIRCULAÇÃO | C65: 1.47 | D65: =1.75+1.7 -> 3.45 | E65: =2*(C65+D65) -> 9.84 | F65: =C65*D65 -> 5.0715 | H65: =E65*2.7 -> 26.568
B66: DML | C66: 2.8 | D66: 1.55 | E66: =2*(C66+D66) -> 8.7 | F66: =C66*D66 -> 4.34
B67: ARQUIVO | C67: 2.8 | D67: 1.5 | E67: =2*(C67+D67) -> 8.6 | F67: =C67*D67 -> 4.2 | H67: =E67*2.7 -> 23.22
B68: CIRCULAÇÃO | C68: 2.1 | D68: 3 | E68: =2*(C68+D68) -> 10.2 | F68: =C68*D68 -> 6.3 | H68: =E68*2.7 -> 27.54
B69: COZINHA | C69: =1.65+0.7 -> 2.35 | D69: 5 | E69: =2*(C69+D69) -> 14.7 | F69: =C69*D69 -> 11.75
B70: CONSULTÓRIO | C70: 2.7 | D70: 5 | E70: =2*(C70+D70) -> 15.4 | F70: =C70*D70 -> 13.5 | H70: =E70*2.7 -> 41.58
B71: CONSULTÓRIO | C71: 3.05 | D71: 5 | E71: =2*(C71+D71) -> 16.1 | F71: =C71*D71 -> 15.25 | H71: =E71*2.7 -> 43.47
B72: CONSULTÓRIO | C72: 3.2 | D72: 5 | E72: =2*(C72+D72) -> 16.4 | F72: =C72*D72 -> 16 | H72: =E72*2.7 -> 44.28
B73: CONSULTÓRIO | C73: 3.2 | D73: 5 | E73: =2*(C73+D73) -> 16.4 | F73: =C73*D73 -> 16 | H73: =E73*2.7 -> 44.28
B74: CIRCULAÇÃO | C74: =2.1+2.02+8.03 -> 12.15 | D74: 3 | E74: =2*(C74+D74) -> 30.3 | F74: =C74*D74 -> 36.45 | H74: =E74*2.7 -> 81.81
B75: FISIOTERAPIA | C75: =8.63 -> 8.63 | D75: =5.15+2.85 -> 8 | E75: =2*(C75+D75) -> 33.26 | F75: =C75*D75 -> 69.04 | H75: =E75*2.7 -> 89.802
B76: ACS - AGENTE COMUNITÁRIO DE SAÚDE | C76: 3.18 | D76: 8.135 | E76: =2*(C76+D76) -> 22.63 | F76: =C76*D76 -> 25.8693 | H76: =E76*2.7 -> 61.101
B77: ACS - AGENTE COMUNITÁRIO DE SAÚDE | C77: 3.15 | D77: 8.149 | E77: =2*(C77+D77) -> 22.598 | F77: =C77*D77 -> 25.66935 | H77: =E77*2.7 -> 61.0146
B78: ZOONOSES | C78: 3.23 | D78: 8.136 | E78: =2*(C78+D78) -> 22.732 | F78: =C78*D78 -> 26.27928 | H78: =E78*2.7 -> 61.3764
B79: CORREDOR GERADOR | C79: 36.5 | D79: 2.85 | E79: =2*(C79+D79) -> 78.7 | F79: =C79*D79 -> 104.025 | H79: =E79*2.7 -> 212.49
B80: GERADOR | C80: 3.35 | D80: 3 | E80: =2*(C80+D80) -> 12.7 | F80: =C80*D80 -> 10.05 | H80: 34.29
B81: COORDENAÇÃO | C81: 2.8 | D81: 3.07 | E81: =2*(C81+D81) -> 11.74 | F81: =C81*D81 -> 8.596 | H81: =E81*2.7 -> 31.698
B82: SALA PROCEDIMENTOS | C82: 2.8 | D82: 3.1 | E82: =2*(C82+D82) -> 11.8 | F82: =C82*D82 -> 8.68 | H82: =E82*2.7 -> 31.86
B83: SALA DE TRIAGEM | C83: 2.8 | D83: 3.05 | E83: =2*(C83+D83) -> 11.7 | F83: =C83*D83 -> 8.54
B84: CIRCULAÇÃO/ESPERA | C84: 3.2 | D84: =3.12+2.8+0.3+3 -> 9.22 | E84: =2*(C84+D84) -> 24.84 | F84: =C84*D84 -> 29.504 | H84: =E84*2.7 -> 67.068
B85: CIRCULAÇÃO/ESPERA/RECEPÇÃO | C85: 3.25 | D85: =2.8+3.12 -> 5.92 | E85: =2*(C85+D85) -> 18.34 | F85: =C85*D85 -> 19.24 | H85: =E85*2.7 -> 49.518
B86: MÉDICO | C86: 3.25 | D86: 3.3 | E86: =2*(C86+D86) -> 13.1 | F86: =C86*D86 -> 10.725 | H86: =E86*2.7 -> 35.37
B87: DEPÓSITO FARMÁCIA/FARMACÊUTICO | C87: 3.2 | D87: 4 | E87: =2*(C87+D87) -> 14.4 | F87: =C87*D87 -> 12.8 | H87: =E87*2.7 -> 38.88
B88: CIRCULAÇÃO | C88: 3.2 | D88: 1.71 | E88: =2*(C88+D88) -> 9.82 | F88: =C88*D88 -> 5.472 | H88: =E88*2.7 -> 26.514
B89: W.C. PNE MASC. | C89: 1.6 | D89: 2.71 | E89: =2*(C89+D89) -> 8.62 | F89: =C89*D89 -> 4.336
B90: W.C. PNE FEM. | C90: 1.6 | D90: 2.71 | E90: =2*(C90+D90) -> 8.62 | F90: =C90*D90 -> 4.336 | J90: =F90 -> 4.336
H92: =SUM(H10:I90) -> 3164.724 | J92: =SUM(J10:J91) -> 531.9275
H93: 2/3 látex | I93: 1/3 esmalte (barrado de 1 m)
H94: =H92*(2/3) -> 2109.816 | I94: =H92/3 -> 1054.908
